 Dungeon Sprint DCSS version 0.30.1-4-g462c640d31 (webtiles) character file.

Game seed: 7621184329716805624

1225 Heoruswealwe the Severer (level 8, -2/80 HPs)
             Began as a Hill Orc Fighter on Aug 24, 2023.
             Was a Believer of the Shining One.
             Slain by a centaur warrior (10 damage)
             ... in the Dungeon (Sprint I: "Red Sonja").
             The game lasted 00:05:32 (649 turns).

Heoruswealwe the Severer (Hill Orc Fighter)          Turns: 649, Time: 00:05:33

Health: -2/80      AC:  8    Str: 21    XL:     8   Next: 47%
Magic:  15/15      EV:  9    Int:  8    God:    the Shining One [**....]
Gold:   245        SH:  4    Dex: 10    Spells: 7/7 levels left

rFire   . . .        a - +0 war axe
rCold   . . .        d - +0 buckler
rNeg    + . .        c - +0 scale mail
rPois   .            (no helmet)
rElec   .            (no cloak)
rCorr   .            (no gloves)
SInv    .            (no boots)
Will    .....        (no amulet) Stlth
                     (no ring)
HPRegen 0.33/turn    (no ring)
MPRegen 0.14/turn

%: no teleportation
@: glowing
A: no striking features
a: Renounce Religion, Divine Shield


You were in the Dungeon.
You worshipped the Shining One.
The Shining One was pleased with you.
You visited 1 branch You collected 465 gold pieces.
You spent 220 gold pieces at shops.

Inventory:

Hand Weapons
 a - a +0 war axe (weapon)
Armour
 c - a +0 scale mail (worn)
 d - a +0 buckler (worn)
Jewellery
 k - the ring "Plog" {*Corrode rElec rPois Dex+4}
   (You bought it in a shop in the Dungeon)

   [ring of poison resistance]

   Dex:       It affects your dexterity (+4).
   rElec:     It insulates you from electricity.
   rPois:     It protects you from poison.
   *Corrode:  It may corrode you when you take damage.
Wands
 m - a wand of digging (5)
Scrolls
 j - a scroll of blinking
 o - a scroll of fog {unknown}
Potions
 i - a potion of berserk rage
 l - a potion of invisibility {unknown}
 n - a potion of degeneration {unknown}


   Skills:
 + Level 10.5 Fighting
 * Level 15.0 Axes
 + Level 9.6 Armour
 - Level 3.2 Shields
 + Level 10.6 Invocations


You had 7 spell levels left.
You didn't know any spells.
Your spell library was empty.

Dungeon Overview and Level Annotations

Branches:
Dungeon (1/1)

Altars:
Cheibriados
Dithmenos
Elyvilon
Fedhas
Gozag
Hepliaklqana
Kikubaaqudgha
Makhleb
Nemelex Xobeh
Okawaru
Qazlal
Ru
Sif Muna
Trog
Uskayaw
Vehumet
Wu Jian
Xom
Yredelemnul
Zin
The Shining One
Jiyva
Lugonu

Shops:
D *


Message History

You block the centaur warrior's attack.
The centaur warrior completely misses you.
There is a shimmering blue altar of Sif Muna here.
You slice the centaur warrior!!
The centaur warrior is heavily wounded.
The centaur warrior hits you.
The centaur warrior kicks you but does no damage.
You hit the centaur warrior but do no damage.
The centaur warrior is heavily wounded.
You block the centaur warrior's attack. The centaur warrior barely misses you.
You hit the centaur warrior but do no damage.
The centaur warrior is heavily wounded.
You block the centaur warrior's attack. x2; The centaur warrior hits you.
The centaur warrior kicks you.
You barely miss the centaur warrior.
The centaur warrior is heavily wounded.
The centaur warrior closely misses you. The centaur warrior kicks you.
You barely miss the centaur warrior.
The centaur warrior is heavily wounded.
The centaur warrior barely misses you. x2
You hit the centaur warrior but do no damage.
The centaur warrior is heavily wounded.
The centaur warrior hits you! The centaur warrior kicks you.
You slice the centaur warrior!!
The centaur warrior is almost dead.
The centaur warrior hits you!
* * * LOW HITPOINT WARNING * * *
The centaur warrior kicks you.
* * * LOW HITPOINT WARNING * * *
You feel better. The centaur warrior hits you!
* * * LOW HITPOINT WARNING * * *
The centaur warrior kicks you.
* * * LOW HITPOINT WARNING * * *
The centaur warrior hits you!
* * * LOW HITPOINT WARNING * * *
The centaur warrior closely misses you.
You slash the centaur warrior!
The centaur warrior is almost dead.
The centaur warrior hits you!
You die...

##########################
#<.#..)..#..'..#__#..')..#
#..)..#..').#..'..'..#)..#
#..#####'#####'#__####...+
#..####..#!..#[####§)#####
#..#__####..##.#~§~§.#
#..#_____##'#_.c§§§§§'
#⌠⌠#_.∩...'...@#~~§§§#
##.#_..__##_.#'##+####
#..#_____###+#.#
########## ###


You could see a centaur warrior.

Vanquished Creatures
  2 kobold demonologists (D)
  Sigmund (D)
  A slime creature (D)
  A yak (D)
  A floating eye (D)
  An ogre (D)
  Ijyb (D)
  A jelly (D)
9 creatures vanquished.

Notes
Turn   | Place    | Note
-------+----------+-------------------------------------------
     0 | D        | Heoruswealwe the Hill Orc Fighter began the quest for the
                  | Orb.
     0 | D        | Reached XP level 1. HP: 19/19 MP: 1/1
     1 | D        | Noticed Ijyb
     9 | D        | Killed Ijyb
    10 | D        | Reached skill level 5 in Axes
    10 | D        | Reached XP level 2. HP: 16/28 MP: 1/4
    10 | D        | Reached XP level 3. HP: 20/35 MP: 1/5
    71 | D        | Noticed an ogre
    79 | D        | Killed an ogre
    80 | D        | Reached skill level 8 in Axes
    80 | D        | Reached skill level 5 in Armour
    80 | D        | Reached skill level 5 in Invocations
    80 | D        | Reached XP level 4. HP: 17/44 MP: 5/7
   178 | D        | Noticed Sigmund
   190 | D        | Killed Sigmund
   191 | D        | Reached skill level 10 in Axes
   191 | D        | Reached XP level 5. HP: 28/53 MP: 7/10
   191 | D        | Reached XP level 6. HP: 33/61 MP: 7/11
   284 | D        | Found an ornate altar of the Wu Jian Council.
   284 | D        | Found a shimmering blue altar of Sif Muna.
   286 | D        | Found a radiant altar of Vehumet.
   290 | D        | Reached skill level 11 in Axes
   316 | D        | Found Sajuasia's Assorted Antiques.
   316 | D        | Found an ancient bone altar of Kikubaaqudgha.
   316 | D        | Found a hazy altar of Hepliaklqana.
   316 | D        | Found a stormy altar of Qazlal.
   316 | D        | Found a hide-covered altar of Uskayaw.
   316 | D        | Found a blossoming altar of Fedhas.
   316 | D        | Found a bloodstained altar of Trog.
   316 | D        | Found an iron altar of Okawaru.
   316 | D        | Found a basalt altar of Yredelemnul.
   316 | D        | Found a glowing golden altar of the Shining One.
   316 | D        | Found a snail-covered altar of Cheibriados.
   316 | D        | Found a sacrificial altar of Ru.
   316 | D        | Found a glowing silver altar of Zin.
   316 | D        | Found a shadowy altar of Dithmenos.
   316 | D        | Found a white marble altar of Elyvilon.
   316 | D        | Noticed a yak
   322 | D        | Killed a yak
   323 | D        | Reached skill level 12 in Axes
   323 | D        | Reached XP level 7. HP: 63/69 MP: 11/13
   323 | D        | Found an opulent altar of Gozag.
   324 | D        | Found a sparkling altar of Nemelex Xobeh.
   330 | D        | Became a worshipper of the Shining One
   333 | D        | Bought a shimmering lapis lazuli ring for 160 gold pieces
   333 | D        | Identified the ring "Plog" {*Corrode rElec rPois Dex+4}
                  | (You bought it in a shop in the Dungeon)
   333 | D        | Bought an emerald potion for 28 gold pieces
   333 | D        | Bought a scroll labelled FIMUMOABAOX for 32 gold pieces
   353 | D        | Found a burning altar of Makhleb.
   353 | D        | Found a viscous altar of Jiyva.
   353 | D        | Found a shimmering altar of Xom.
   353 | D        | Found a corrupted altar of Lugonu.
   353 | D        | Noticed a slime creature
   360 | D        | Killed a slime creature
   361 | D        | Reached skill level 13 in Axes
   437 | D        | Noticed a kobold demonologist
   437 | D        | Reached * piety under the Shining One
   437 | D        | Noticed a kobold demonologist
   438 | D        | Noticed a red devil
   440 | D        | Paralysed by a floating eye for 2 turns
   444 | D        | Killed a kobold demonologist
   444 | D        | Reached ** piety under the Shining One
   445 | D        | Reached skill level 10 in Fighting
   445 | D        | Reached skill level 14 in Axes
   445 | D        | Reached skill level 10 in Invocations
   445 | D        | Reached XP level 8. HP: 16/79 MP: 13/15
   452 | D        | Killed a kobold demonologist
   453 | D        | Reached skill level 15 in Axes
   632 | D        | Noticed a centaur warrior
   632 | D        | Noticed a centaur warrior
   649 | D        | Slain by a centaur warrior

Illustrated notes

Levels and vault maps discovered:
D:        dungeon_sprint_1 [red_sonja_temple_1, red_sonja_temple_small_1]

Skill      XL: |  1  2  3  4  5  6  7  8 |
---------------+-------------------------+-----
Fighting       | 4 6 7 8 10 | 10.5
Axes           | 5 8 10 12 14 15 | 15.0
Armour         | 4 5 7 9 |  9.6
Invocations    | 3 5 7 8 10 | 10.6
Shields        | |  3.2

Action                     |  1- 3 |  4- 6 |  7- 9 || total
---------------------------+-------+-------+-------++-------
  Melee: War axe           |    14 |    14 |    25 ||    53
  Evoke: Wand              |     1 |       |       ||     1
    Use: Potion            |       |       |     4 ||     4
 Armour: Scale mail        |     3 |     2 |     7 ||    12
  Dodge: Dodged            |     4 |     4 |    11 ||    19
  Block: Buckler           |     2 |     2 |     4 ||     8
